 Seeded DCSS version 0.28-a0-657-g71136c5590 (webtiles) character file.

Game seed: 1811034857788664127 (custom seed)

30973 flotson the Fighter (level 13, 0/103 HPs)
             Began as a Demonspawn Delver on Oct 13, 2021.
             Was an Initiate of Gozag.
             Slain by a six-headed hydra (12 damage)
             ... on level 3 of the Lair of Beasts.
             The game lasted 00:44:22 (12199 turns).

flotson the Fighter (Demonspawn Delver)            Turns: 12199, Time: 00:44:25

Health: 0/103      AC:  9    Str: 19    XL:     13   Next: 23%
Magic:  13/13      EV: 12    Int:  7    God:    Gozag
Gold:   718        SH: 11    Dex: 14    Spells: 12/12 levels left

rFire   . . .      SeeInvis .   a - +6 broad axe (flame)
rCold   + + +      Faith    .   p - +3 kite shield of Disappointment {rPois rC++ Dex-2}
rNeg    + + .      Spirit   .   n - +1 ring mail of the Heavens {Regen+ Str+2}
rPois   +          Reflect  .   l - +2 hat
rElec   .          Harm     +   (cloak unavailable)
rCorr   .          Rampage  .   (no gloves)
Will    ++...                   Y - +2 pair of boots of Ycwoz {Harm *Corrode rN++ Slay+2}
Stlth   ++........              (no amulet)
HPRegen 1.27/turn               i - ring "Xetsixoa" {rPois rC+ Will++ Int-4 Slay+3}
MPRegen 0.13/turn               (no ring)

@: corroded
A: antennae 1, powered by death 2, spiny 1, weakness stinger 3, demonic touch 2
a: Renounce Religion, Potion Petition, Call Merchant, Bribe Branch


You were on level 3 of the Lair of Beasts.
You worshipped Gozag.
Gozag was pleased with you.
You visited 3 branches of the dungeon, and saw 14 of its levels.
You also visited: Volcano.

You collected 3078 gold pieces.
You spent 922 gold pieces at shops.
You paid 1438 gold pieces to Gozag.

Inventory:

Hand Weapons
 a - a +6 broad axe of flaming (weapon)
 b - a +3 hunting sling of freezing
 c - a +1 antimagic flail
Missiles
 f - 4 javelins (quivered)
 u - 53 sling bullets
 z - 8 boomerangs
 L - 46 poisoned darts
 W - a curare-tipped dart
Armour
 l - a +2 hat (worn)
 n - the +1 ring mail of the Heavens (worn) {Regen+ Str+2}
   (You bought it in a shop on level 10 of the Dungeon)

   Str:       It affects your strength (+2).
   Regen:     It increases your rate of health regeneration.
 p - the +3 kite shield of Disappointment (worn) {rPois rC++ Dex-2}
   (You found it on level 2 of the Lair of Beasts)

   Dex:       It affects your dexterity (-2).
   rC:        It greatly protects you from cold.
   rPois:     It protects you from poison.
 Y - the +2 pair of boots of Ycwoz (worn) {Harm *Corrode rN++ Slay+2}
   (You bought it in a shop on level 10 of the Dungeon)

   Slay:      It affects your accuracy & damage with ranged weapons and melee
   (+2).
   rN:        It greatly protects you from negative energy.
   *Corrode:  It may corrode you when you take damage.
   Harm:      It increases damage dealt and taken.
Jewellery
 i - the ring "Xetsixoa" (left hand) {rPois rC+ Will++ Int-4 Slay+3}
   (You found it on level 5 of the Dungeon)

   [ring of protection from cold]

   Int:       It affects your intelligence (-4).
   Slay:      It affects your accuracy & damage with ranged weapons and melee
   (+3).
   rC:        It protects you from cold.
   rPois:     It protects you from poison.
   Will:      It greatly increases your willpower.
Wands
 g - a wand of digging (3)
 Q - a wand of flame (38)
 T - a wand of paralysis (3)
Scrolls
 d - 3 scrolls of magic mapping
 e - a scroll of fear
 h - 4 scrolls of silence
 k - 4 scrolls of teleportation
 m - a scroll of blinking {unknown}
 o - 2 scrolls of holy word
 s - a scroll of brand weapon
 v - 6 scrolls of fog
 y - 2 scrolls of vulnerability {unknown}
 B - a scroll of immolation {unknown}
 D - a scroll of acquirement {unknown}
 G - a scroll of summoning {unknown}
 H - 2 scrolls of enchant armour {unknown}
 O - a scroll of noise {unknown}
Potions
 j - a potion of haste
 r - 8 potions of curing
 t - 2 potions of heal wounds
 w - 3 potions of ambrosia
 x - 4 potions of lignification
 A - 2 potions of attraction
 E - a potion of berserk rage
 N - 4 potions of invisibility
 S - a potion of flight
 X - 2 potions of might
Miscellaneous
 M - a phantom mirror
 V - a condenser vane


   Skills:
 + Level 10.1 Fighting
 + Level 9.0 Axes
 + Level 8.1 Throwing
 + Level 8.8 Armour
 + Level 9.0 Dodging
 - Level 4.5 Stealth
 + Level 1.4 Shields
 + Level 9.0 Evocations


You had 12 spell levels left.
You didn't know any spells.
Your spell library contained the following spells:

 Spells                   Type           Power      Damage    Failure   Level
 Apportation              Tloc           0%         N/A       99%         1
 Pain                     Necr           0%         1d4       99%         1
 Summon Small Mammal      Summ           0%         N/A       99%         1
 Blink                    Tloc           N/A        N/A       100%        2
 Corpse Rot               Necr/Air       N/A        N/A       100%        2
 Passwall                 Tmut/Erth      0%         N/A       100%        2
 Poisonous Vapours        Pois/Air       0%         N/A       100%        2
 Call Canine Familiar     Summ           0%         N/A       100%        3
 Conjure Flame            Conj/Fire      0%         6-21      100%        3
 Ignite Poison            Fire/Tmut/Pois 0%         N/A       100%        3
 Summon Guardian Golem    Hex/Summ       0%         N/A       100%        3
 Swiftness                Air            0%         N/A       100%        3
 Sticky Flame             Conj/Fire      0%         2d3       100%        4
 Alistair's Intoxication  Tmut/Pois      0%         N/A       100%        5
 Manifold Assault         Tloc           0%         N/A       100%        5
 Invisibility             Hex            0%         N/A       100%        6
 Simulacrum               Ice/Necr       0%         N/A       100%        6
 Haunt                    Necr/Summ      0%         N/A       100%        7
 Storm Form               Tmut/Air       0%         N/A       100%        7


Dungeon Overview and Level Annotations

Branches:
Dungeon (10/15)            Temple (1/1) D:6            Lair (3/6) D:10
Volcano (visited)
  Swamp: Lair:2-4    Shoals: Lair:2-4     Snake: Lair:2-4    Spider: Lair:2-4
    Orc: D:9-12

Altars:
Ashenzari
Cheibriados
Dithmenos
Elyvilon
Fedhas
Gozag
Hepliaklqana
Kikubaaqudgha
Makhleb
Nemelex Xobeh
Okawaru
Qazlal
Ru
Sif Muna
Trog
Uskayaw
Vehumet
Wu Jian
Xom
Yredelemnul
Zin
The Shining One
Jiyva

Shops:
D:9 *   D:10 [

Annotations:
D:6 2 transporters, flotson's ghost, novice DsDe
Lair:1 Tuin's ghost, journeyman MiBe


Innate Abilities, Weirdness & Mutations

You have a pair of small antennae on your head.
You regenerate health from kills.
You are partially covered in sharp spines.
You have a sharp stinger which inflicts weakening toxins.
Your touch may inflict irresistible damage on your foes.


Message History

The seven-headed hydra bites you.
You are too injured to fight recklessly!
Unknown command.
You are too injured to fight recklessly!
Unknown command.
You are too injured to fight recklessly!
Unknown command.
You lop one of the seven-headed hydra's heads off!
The flame cauterises the wound!
You slash the six-headed hydra! You burn the six-headed hydra.
The six-headed hydra is moderately wounded.
The six-headed hydra bites you but does no damage.
The six-headed hydra bites you! x2
* * * LOW HITPOINT WARNING * * *
The six-headed hydra bites you but does no damage.
The six-headed hydra misses you. The six-headed hydra bites you.
* * * LOW HITPOINT WARNING * * *
The six-headed hydra closely misses you.
The six-headed hydra bites you!
* * * LOW HITPOINT WARNING * * *
The six-headed hydra bites you!
* * * LOW HITPOINT WARNING * * *
You block the six-headed hydra's attack.
The six-headed hydra bites you but does no damage. x2
Okay, then.
Unknown command.
Okay, then.
Unknown command.
Okay, then.
Unknown command.
Okay, then.
Unknown command.
You feel much better.
The six-headed hydra closely misses you.
The six-headed hydra bites you but does no damage. x2
The six-headed hydra bites you!
* * * LOW HITPOINT WARNING * * *
The six-headed hydra bites you!
You die...
Your body crumbles into a pile of gold.

#...#...<........#.......
....##.#..............P..
..P....P..............P.#
....P#........#..#.......
.....#............#......
.......P...##.##.#.......
....P......##.##.#......P
....##.PP..##..#.D# $
.....#.P.#.##...@#.......
....#....#.P..#P.........
.........................
#.######.##....#P########
## # ########


You could see a six-headed hydra.

Vanquished Creatures
  A red draconian (Volcano)
  4 hydras
  A two-headed ogre (D:8)
  A death knight (D:9)
  2 centaur warriors (D:9)
  Nergalle (Lair:1)
  A salamander mystic (Volcano)
  4 salamanders (Volcano)
  2 deep elf pyromancers
  2 manticores
  2 cyclopes (D:9)
  Joseph (D:7)
  Psyche (D:8)
  A gargoyle (D:10)
  4 torpor snails (Lair:1)
  3 cane toads (Lair:1)
  4 komodo dragons
  A meliai (D:9)
  2 trolls (D:9)
  3 blink frogs (Lair:1)
  3 slime creatures
  A shadow (D:9)
  Sigmund (D:2)
  52 yaks
  Eustachio (D:4)
  3 basilisks (Lair:3)
  2 steam dragons
  3 wargs (D:10)
  9 water moccasins
  An ice beast (D:8)
  A hornet zombie (D:7)
  8 orc warriors
  A sky beast (D:8)
  2 necrophages
  A black bear (D:7)
  2 ogres
  4 wolves (Lair:2)
  2 phantoms
  4 kobold brigands
  11 bullfrogs
  3 wyvern zombies
  2 scorpions
  A water moccasin zombie (D:6)
  3 water moccasin skeletons
  A killer bee (D:9)
  4 wights (D:9)
  A gnoll shaman (D:5)
  2 centaur zombies (D:9)
  4 jellies
  5 orc priests
  A centaur skeleton (D:6)
  2 hounds
  Natasha (thrice) (D:2)
  3 iguanas
  12 orc wizards
  A hound skeleton (D:4)
  A howler monkey zombie (D:8)
  5 gnolls (D:5)
  6 adders
  A shadow imp (D:7)
  A white imp (D:5)
  2 ufetubi
  An adder skeleton (D:4)
  3 worms
  A dart slug (D:1)
  35 orcs
  8 ball pythons
  3 bats
  8 endoplasms
  5 giant cockroaches
  4 goblins
  7 hobgoblins
  6 jackals
  5 quokkas
  6 frilled lizards
  26 kobolds
335 creatures vanquished.

Vanquished Creatures (collateral kills)
  A salamander (Volcano)
1 creature vanquished.

Vanquished Creatures (others)
  A salamander (Volcano)
  8 fungi
  5 plants
14 creatures vanquished.

Grand Total: 350 creatures vanquished

Notes
Turn   | Place    | Note
-------+----------+-------------------------------------------
     0 | D:5      | flotson the Demonspawn Delver began the quest for the Orb.
     0 | D:5      | Reached XP level 1. HP: 18/18 MP: 1/1
    17 | D:5      | Identified the ring "Xetsixoa" {rPois rC+ Will++ Int-4
                  | Slay+3}
    99 | D:4      | Noticed an ogre
    99 | D:4      | Noticed an orc priest
   116 | D:4      | Noticed an iguana
   121 | D:3      | Gained mutation: You are partially covered in sharp spines.
                  | [demonic ancestry]
   121 | D:3      | Reached XP level 2. HP: 24/24 MP: 2/2
   241 | D:1      | Noticed a great orb of eyes
   244 | D:1      | Found a faded altar of an unknown god.
   246 | D:1      | Noticed a golden eye
   246 | D:1      | Noticed an eye of devastation
   246 | D:1      | Noticed a golden eye
   256 | D:1      | Reached skill level 1 in Armour
   375 | D:1      | Discovered your monstrous ancestry.
   375 | D:1      | Gained mutation: You have a pair of small antennae on your
                  | head. [demonic ancestry]
   375 | D:1      | Reached XP level 3. HP: 29/29 MP: 3/3
   843 | D:2      | Gained mutation: You have a small tail. [demonic ancestry]
   843 | D:2      | Reached XP level 4. HP: 35/35 MP: 4/4
  1069 | D:2      | Noticed Sigmund
  1130 | D:2      | Noticed Natasha
  1132 | D:2      | Killed Sigmund
  1133 | D:2      | Reached skill level 4 in Fighting
  1133 | D:2      | Gained mutation: You have a tail ending in a sharp stinger.
                  | [demonic ancestry]
  1133 | D:2      | Reached XP level 5. HP: 42/42 MP: 5/5
  1138 | D:2      | Killed Natasha
  1143 | D:2      | Noticed Natasha
  1148 | D:2      | Killed Natasha
  1149 | D:2      | Gained mutation: Your touch may inflict minor irresistible
                  | damage on your foes. [demonic ancestry]
  1149 | D:2      | Reached XP level 6. HP: 41/48 MP: 6/6
  1462 | D:2      | Noticed Natasha
  1470 | D:2      | Killed Natasha
  2292 | D:4      | Reached XP level 7. HP: 16/55 MP: 7/7
  2294 | D:4      | Reached skill level 1 in Evocations
  2410 | D:4      | Noticed Eustachio
  2579 | D:4      | Killed Eustachio
  2580 | D:4      | Reached skill level 1 in Throwing
  2720 | D:4      | Reached skill level 5 in Fighting
  2739 | D:4      | You fall into a shaft and drop 1 floor!
  3223 | D:5      | Gained mutation: Your touch may inflict irresistible damage
                  | on your foes. [demonic ancestry]
  3223 | D:5      | Reached XP level 8. HP: 62/62 MP: 8/8
  3763 | D:6      | Found a staircase to the Ecumenical Temple.
  3772 | Temple   | Entered the Ecumenical Temple
  4069 | Temple   | Became a worshipper of Gozag Ym Sagoz the Greedy
  4119 | D:6      | Found a transporter.
  4122 | D:6      | Noticed flotson's ghost (novice DsDe)
  4125 | D:6      | Identified the +10 giant club of Viel {vorpal, Str+2 Int+2}
  4409 | D:6      | Noticed a deep elf pyromancer
  4536 | D:6      | Found a transporter.
  4883 | D:7      | Found a sacrificial altar of Ru.
  4890 | D:7      | Noticed Joseph
  4894 | D:7      | Reached skill level 5 in Dodging
  4903 | D:7      | Killed Joseph
  4904 | D:7      | Reached skill level 6 in Fighting
  4904 | D:7      | Reached skill level 5 in Axes
  4904 | D:7      | Gained mutation: You regenerate a little health from kills.
                  | [demonic ancestry]
  4904 | D:7      | Reached XP level 9. HP: 42/69 MP: 9/9
  5186 | D:7      | Reached skill level 5 in Armour
  5394 | D:6      | Killed a deep elf pyromancer
  5808 | D:8      | Reached skill level 5 in Evocations
  5808 | D:8      | Gained mutation: You have a sharp stinger which inflicts
                  | weakening toxins. [demonic ancestry]
  5808 | D:8      | Reached XP level 10. HP: 76/77 MP: 10/10
  5823 | D:8      | Reached skill level 7 in Fighting
  6291 | D:8      | Noticed Psyche
  6363 | D:9      | Noticed a two-headed ogre
  6407 | D:8      | Killed a two-headed ogre
  6408 | D:8      | Reached skill level 5 in Throwing
  6956 | D:9      | Noticed a cyclops
  6958 | D:9      | Noticed a four-headed hydra
  6959 | D:9      | Noticed a deep elf pyromancer
  6971 | D:9      | Noticed a centaur warrior
  7103 | D:8      | Killed a four-headed hydra
  7104 | D:8      | Reached XP level 11. HP: 59/86 MP: 11/11
  7334 | D:9      | Killed a centaur warrior
  7335 | D:9      | Reached skill level 8 in Fighting
  7575 | D:9      | Noticed a centaur warrior
  7585 | D:9      | Noticed a death knight
  7590 | D:9      | Killed a centaur warrior
  7792 | D:8      | Killed Psyche
  8008 | D:8      | Killed a deep elf pyromancer
  8156 | D:9      | Got the Collected Works on Unholy Rites
  8181 | D:9      | Killed a death knight
  8495 | D:9      | Bought a scroll of fear for 42 gold pieces
  8495 | D:9      | Bought a scroll of identify for 24 gold pieces
  8495 | D:9      | Bought a potion of might for 48 gold pieces
  8495 | D:9      | Bought a scroll of identify for 24 gold pieces
  8523 | D:10     | Entered Level 10 of the Dungeon
  8655 | D:10     | Identified the +0 robe of Stoicism {+Inv rPois Str-3 Int+3}
  8787 | D:10     | Found a staircase to the Lair.
  9359 | D:10     | Bought a bloodstained ring mail for 252 gold pieces
  9359 | D:10     | Identified the +1 ring mail of the Heavens {Regen+ Str+2}
                  | (You bought it in a shop on level 10 of the Dungeon)
  9396 | Lair:1   | Entered Level 1 of the Lair of Beasts
  9447 | Lair:1   | Noticed a four-headed hydra
  9466 | Lair:1   | Found a dark tunnel.
  9474 | Volcano  | Entered a volcano
  9490 | Volcano  | Noticed a salamander mystic
  9507 | Volcano  | Killed a salamander mystic
  9508 | Volcano  | Reached skill level 9 in Fighting
  9508 | Volcano  | Reached XP level 12. HP: 86/95 MP: 12/12
  9515 | Volcano  | Found a radiant altar of Vehumet.
  9517 | Volcano  | Noticed a red draconian
  9625 | Volcano  | HP: 2/95 [salamander (8)]
  9743 | Volcano  | Killed a red draconian
  9991 | Lair:1   | Killed a four-headed hydra
 10199 | Lair:1   | Found a snail-covered altar of Cheibriados.
 10447 | Lair:1   | Noticed Nergalle
 10459 | Lair:1   | Killed Nergalle
 11006 | D:10     | Bought a pair of heavily runed boots for 266 gold pieces
 11006 | D:10     | Identified the +2 pair of boots of Ycwoz {Harm *Corrode
                  | rN++ Slay+2} (You bought it in a shop on level 10 of the
                  | Dungeon)
 11006 | D:10     | Bought a bloodstained chain mail for 266 gold pieces
 11006 | D:10     | Identified the +6 chain mail "Geiq" {-Cast -Tele rElec
                  | Will+++} (You bought it in a shop on level 10 of the
                  | Dungeon)
 11092 | Lair:2   | Noticed a four-headed hydra
 11092 | Lair:2   | Noticed a four-headed hydra
 11109 | Lair:2   | Killed a four-headed hydra
 11137 | Lair:2   | Gained mutation: You regenerate health from kills. [demonic
                  | ancestry]
 11137 | Lair:2   | Reached XP level 13. HP: 103/103 MP: 13/13
 11144 | Lair:2   | Reached skill level 10 in Fighting
 11156 | Lair:2   | Found a runed translucent gate.
 11158 | Lair:2   | Found a runed translucent gate.
 11159 | Lair:2   | Found a runed translucent gate.
 11159 | Lair:2   | Noticed Tuin's ghost (journeyman MiBe)
 11808 | Lair:2   | Found a viscous altar of Jiyva.
 12034 | Lair:2   | Reached skill level 1 in Shields
 12058 | Lair:2   | Identified the +3 kite shield of Disappointment {rPois rC++
                  | Dex-2}
 12198 | Lair:3   | HP: 3/103 [six-headed hydra (14)]
 12199 | Lair:3   | Slain by a six-headed hydra

Illustrated notes

Levels and vault maps discovered:
D:1:      heliophobic_arrival_enchanted_forest, layout_basic,
          hellmonk_ecumenical_altar_watching_god
D:2:      layout_basic, uniq_natasha, uniq_sigmund
D:3:      layout_rooms, dk_noncrumbling_2, st_stairs_3
D:4:      layout_basic, uniq_eustachio
D:5:      layout_cave_pods, grunt_ministairs_14
D:6:      layout_rooms, minmay_temple_entry_junction, serial_corexii_hall,
          corexii_hall_statues_l, chequers_hall_statues_y,
          gammafunk_ghost_smash, hex_medium, guppyfry_early_elven_hall
D:7:      layout_rooms, nicolae_ru_sacrificial_ziggurat, uniq_joseph
D:8:      layout_basic, uniq_psyche
D:9:      minmay_the_grid_triangle_9x9_rhombus_thin_mashed
          [minmay_the_grid_triangle_9x9_cache,
          minmay_the_grid_triangle_9x9_prize_insulated,
          minmay_the_grid_triangle_9x9_steps,
          minmay_the_grid_triangle_9x9_empty], layout_loops_cross
D:10:     layout_loops_ring, erik_lair_orcish_takeover,
          minmay_misc_feat_more_columns
Temple:   regret_index_temple_sigil_plot
Lair:1:   layout_gridlike, lightli_volcano_entry_magma_tube,
          kennysheep_snail_temple, lemuel_fruit_tree, uniq_nergalle
Lair:2:   layout_roguey, gammafunk_ghost_ooze
Lair:3:   mu_elephants_graveyard, layout_long_grid, guppyfry_snake_entry_island

Skill      XL: |  1  2  3  4  5  6  7  8  9 10 11 12 13 |
---------------+----------------------------------------+-----
Axes           | 2 3 4 5 6 7 8 9 |  9.0
Dodging        | 2 3 4 5 6 7 8 9 |  9.0
Armour         | 1 2 3 4 5 6 7 8 |  8.8
Fighting       | 4 5 6 7 9 10 | 10.1
Evocations     | 2 3 5 6 7 8 9 |  9.0
Throwing       | 2 3 4 5 6 7 8 |  8.1
Shields        | 1 |  1.4
Stealth        | |  4.5

Action                   |  1- 3 |  4- 6 |  7- 9 | 10-12 | 13-15 || total
-------------------------+-------+-------+-------+-------+-------++-------
Melee: Hand axe          |     8 |       |       |       |       ||     8
       Quarterstaff      |    37 |    45 |       |       |       ||    82
       Tailslap          |       |     6 |    29 |    57 |    12 ||   104
       War axe           |       |    29 |   128 |   279 |    38 ||   474
       Touch             |       |     5 |    23 |    51 |     1 ||    80
       Broad axe         |       |       |       |       |    36 ||    36
 Fire: Hunting sling     |       |       |    68 |   246 |     4 ||   318
Throw: Boomerang         |       |     7 |     2 |       |       ||     9
       Javelin           |       |       |     5 |     7 |       ||    12
       Dart              |       |       |     1 |     4 |       ||     5
Invok: Call Merchant     |       |       |       |     2 |       ||     2
Evoke: Wand              |       |       |       |    12 |       ||    12
       Condenser vane    |       |       |       |     2 |       ||     2
       Phantom mirror    |       |       |       |     1 |       ||     1
  Use: Scroll            |       |       |     9 |    11 |    11 ||    31
       Potion            |       |       |     2 |     6 |     1 ||     9
 Stab: Sleeping          |    10 |     6 |     3 |     6 |       ||    25
       Distracted        |       |       |       |     3 |       ||     3
Armor: Troll leather arm |     8 |    22 |    27 |    52 |       ||   109
       Ring mail         |       |       |       |    35 |    26 ||    61
Dodge: Dodged            |    25 |    48 |   110 |   225 |    34 ||   442
Block: Kite shield       |       |       |       |       |    32 ||    32

Table legend: (Time is in decaauts)
 A = Elapsed time spent in this place.
 B = Non-inter-level travel time spent in this place.
 C = Inter-level travel time spent in this place.
 D = Time resting spent in this place.
 E = Time spent auto-exploring this place.
 F = Levels seen in this place.
 G = Mean time per level.
                   A        B        C        D        E       F      G
               +--------+--------+--------+--------+--------+-----+--------+
         Total |  12351 |  11161 |   1190 |    662 |   7094 |  15 |  823.4 |
       Dungeon |   9240 |   8178 |   1062 |    512 |   5190 |  10 |  924.0 |
        Temple |    311 |    282 |     29 |      0 |    264 |   1 |  311.0 |
          Lair |   2381 |   2283 |     98 |     96 |   1551 |   3 |  793.7 |
       Volcano |    418 |    418 |      0 |     54 |     88 |   1 |  418.0 |
               +--------+--------+--------+--------+--------+-----+--------+

Top non-repeatable levels by time:
     D:8: 1645 daAuts
     D:9: 1442 daAuts
  Lair:1: 1369 daAuts
     D:4: 972 daAuts
  Lair:2: 888 daAuts
    D:10: 861 daAuts
     D:5: 830 daAuts
     D:6: 813 daAuts
     D:2: 807 daAuts
     D:7: 703 daAuts
     D:3: 618 daAuts
     D:1: 544 daAuts
 Volcano: 418 daAuts
  Temple: 311 daAuts
  Lair:3: 122 daAuts
